 Dungeon Crawl Stone Soup version 0.32-a0-938-g40ac7a0f4d (webtiles) character file.

Game seed: 17127828145112952895

258855 holysushi the Marksgoblin (level 19, -4/163 HPs)
             Began as a Coglin Hunter on Apr 16, 2024.
             Was the Champion of Beogh.
             Incinerated by a deep elf pyromancer (28 damage)
             ... with a pyre arrow
             ... on level 3 of the Elven Halls.
             The game lasted 01:46:34 (38798 turns).

holysushi the Marksgoblin (Coglin Hunter)          Turns: 38798, Time: 01:46:34

Health: -4/163     AC:  9    Str: 16    XL:     19   Next: 88%
Magic:  29/29      EV: 21    Int:  9    God:    Beogh [******]
Gold:   2366       SH:  0    Dex: 24    Spells: 26/32 levels left

rFire   . . .        c - +7 hand cannon (freeze) {Yuphin}
rCold   . . .        a - +2 sling (drain) {Kulveer}
rNeg    . . .        k - +1 troll leather armour {Pargi}
rPois   .            l - +0 helmet
rElec   .            y - scarf of Anwemaxu {harm, Slay+2}
rCorr   .            C - +1 pair of gloves {Str+3}
SInv    .            V - +1 pair of boots {rampage}
Will    ++...        (amulet unavailable)
Stlth   +            (ring unavailable)
HPRegen 1.27/turn    (ring unavailable)
MPRegen 0.21/turn    J - secondary geodynamo {Gadgeteer, Will+ Slay+3}

%: harm (+30% outgoing, +20% incoming), rampage
@: on fire, fugue, slowed, glowing, revving, very slow
A: walk on water, off-hand wielding, slow wielding, warmup strikes, no jewellery
}: 2/15 runes: barnacled, gossamer
a: Renounce Religion, Smiting, Recall Apostles, Blood for Blood, Dismiss Warrok,
wizard, Dismiss Herok, priest, Dismiss Gorg, warrior


You were on level 3 of the Elven Halls.
You worshipped Beogh.
Beogh was exalted by your worship.
You visited 6 branches of the dungeon, and saw 32 of its levels.
You also visited: Sewer and Ice Cave.

You collected 3776 gold pieces.
You spent 1410 gold pieces at shops.

Inventory:

Hand Weapons
 a - a +2 sling of draining (offhand) {Kulveer}
 c - a +7 hand cannon of freezing (weapon) {Yuphin}
Missiles
 j - 5 throwing nets
Armour
 k - a +1 troll leather armour (worn) {Pargi}
 l - a +0 helmet (worn)
 y - the scarf of Anwemaxu (worn) {harm, Slay+2}
   (You acquired it on level 12 of the Dungeon)

   Slay+2:    It affects your accuracy & damage with ranged weapons and melee
   (+2).
 C - a +1 pair of gloves of strength (worn)
 D - a +1 robe of resistance
 V - a +1 pair of boots of rampaging (worn)
Gizmo
 J - a secondary geodynamo (installed) {Gadgeteer, Will+ Slay+3}
   (You invented it yourself on level 5 of the Lair of Beasts)

   [secondary geodynamo]

   Gadgeteer: Your evocable items recharge 30% faster and wands have a 30%
   chance to not spend a charge.
   Slay+3:    It affects your accuracy & damage with ranged weapons and melee
   (+3).
   Will+:     It increases your willpower.
Wands
 x - a wand of paralysis (28)
 A - a wand of flame (69)
 F - a wand of quicksilver (12)
 G - a wand of mindburst (17)
 P - a wand of roots (21)
 R - a wand of digging (2)
Scrolls
 b - a scroll of enchant armour
 f - 15 scrolls of identify
 i - 6 scrolls of blinking
 n - 6 scrolls of poison
 p - 7 scrolls of vulnerability
 u - 3 scrolls of fog
 v - 4 scrolls of revelation
 w - 9 scrolls of teleportation
 z - 2 scrolls of immolation
 H - 2 scrolls of fear
 I - 5 scrolls of silence
 N - 3 scrolls of brand weapon
 Q - a scroll of torment
Potions
 e - 6 potions of haste
 g - 5 potions of mutation
 h - 3 potions of heal wounds
 m - 2 potions of brilliance
 o - 5 potions of berserk rage
 q - 5 potions of might
 r - 5 potions of attraction
 t - 14 potions of curing
 K - 5 potions of lignification
 L - 4 potions of enlightenment
 O - 2 potions of cancellation
 T - a potion of magic
 U - 6 potions of ambrosia
Miscellaneous
 E - a phial of floods
 S - a box of beasts


   Skills:
 + Level 17.8 Fighting
 + Level 20.7 Ranged Weapons
 + Level 12.7 Dodging
 - Level 0.7 Stealth
 - Level 7.0 Spellcasting
 - Level 7.0 Necromancy
 - Level 6.0 Translocations
 - Level 2.0 Invocations
 - Level 15.0 Evocations


You had 26 spell levels left.
You knew the following spells:

 Your Spells              Type           Power      Damage    Failure   Level
a - Apportation           Tloc           26%        N/A       1%          1
b - Blink                 Tloc           26%        N/A       3%          2
c - Fugue of the Fallen   Necr           15%        N/A       4%          3

Your spell library contained the following spells:

 Spells                   Type           Power      Damage    Failure   Level
 Necrotise                Necr           60%        1d7       1%          1
 Sublimation of Blood     Necr           15%        N/A       1%          2
 Lesser Beckoning         Tloc           26%        N/A       3%          2
 Kiss of Death            Conj/Necr      36%        2d8       6%          1
 Maxwell's Portable Pile  Tloc           13%        2d(6-17)  6%          3
 Teleport Other           Tloc           13%        N/A       6%          3
 Momentum Strike          Conj/Tloc      16%        3d8       11%         2
 Dispel Undead            Necr           15%        3d10      14%         4
 Passage of Golubria      Tloc           13%        N/A       21%         4
 Magic Dart               Conj           12%        1d3       24%         1
 Shock                    Conj/Air       12%        1d3       24%         1
 Sting                    Conj/Alch      12%        1d3       24%         1
 Summon Small Mammal      Summ           12%        N/A       24%         1
 Call Imp                 Summ           6%         N/A       36%         2
 Ensorcelled Hibernation  Hex/Ice        6%         N/A       36%         2
 Jinxbite                 Hex            6%         N/A       36%         2
 Anguish                  Hex/Necr       4%         N/A       50%         4
 Vhi's Electric Charge    Tloc/Air       16%        N/A       56%         4
 Confusing Touch          Hex            3%         N/A       58%         3
 Swiftness                Air            3%         N/A       58%         3
 Summon Forest            Summ/Tloc      4%         N/A       89%         5
 Airstrike                Air            1%         2d(1-17)  94%         4
 Ignite Poison            Fire/Alch      3%         N/A       94%         4
 Petrify                  Alch/Erth      3%         N/A       94%         4
 Sticky Flame             Fire/Alch      3%         2d4       94%         4
 Alistair's Intoxication  Alch           2%         N/A       100%        5
 Arcjolt                  Conj/Air       1%         1d11      100%        5
 Irradiate                Conj/Alch      1%         3d12      100%        5
 Silence                  Hex/Air        1%         N/A       100%        5
 Summon Mana Viper        Hex/Summ       3%         N/A       100%        5
 Conjure Ball Lightning   Conj/Air       1%         3x3d6     100%        6
 Plasma Beam              Fire/Air       1%         2x1d11    100%        6
 Summon Cactus Giant      Summ           1%         N/A       100%        6
 Discord                  Hex            1%         N/A       100%        8
 Disjunction              Tloc           6%         N/A       100%        8
 Ignition                 Fire           1%         3d3       100%        8
 Lehudib's Crystal Spear  Conj/Erth      1%         10d2      100%        8
 Maxwell's Capacitive Co  Air            1%         ∞         100%        8


Dungeon Overview and Level Annotations

Branches:
Dungeon (14/15) Zot: 25763  Temple (0/1) D:5            Lair (5/5) D:8 Zot: 24457
 Shoals (4/4) Lair:3 Zot: 17758  Spider (4/4) Lair:3 Zot: 19019   Slime (0/5) Lair:4
    Orc (2/2) D:12 Zot: 10657     Elf (3/3) Orc:2 Zot: 12358  Vaults (0/5) D:14
  Sewer (visited)           IceCv (visited)

Altars:
Cheibriados
Dithmenos
Fedhas
Gozag
Hepliaklqana
Makhleb
Ru
Xom
Beogh
Jiyva

Shops:
D:1 [   D:8 *   D:10 [   D:14 (   Orc:2 [:[(   Elf:2 =:=   Shoals:2 !
Shoals:4 [

Annotations:
D:4 1 runed translucent door, Crazy Yiuf
D:9 3 runed translucent doors, Arkalis's ghost, novice MiGl
D:10 1 runed translucent door, zenocrate's ghost, novice FeSh
D:13 exclusion: downstairs
D:14 2 transporters, exclusion: orange crystal statue, Myasimauvo's ghost, journeyman DEHW; Roxanne
Lair:2 1 runed translucent door, Drazool's ghost, adept DrFE
Shoals:3 Hiac's ghost, adept DEEE


Innate Abilities, Weirdness & Mutations

You can walk on water.
Your facial features are unmistakably orcish.
You can wield a second weapon in your off-hand.
It takes a long time for you to wield or remove held weapons.
Your first few attacks do less damage.
You cannot equip rings or amulets.


Message History

The liquid fire burns you!
The deep elf archer shoots an arrow.
The arrow closely misses you.
The deep elf pyromancer casts a spell at you.
The pyre arrow hits you.
You are even more covered in intense liquid fire!
Blink to where?
Press: ? - help, Dir - move target, p - deep elf archer
As you read the scroll of blinking, it crumbles to dust.
The liquid fire burns you!
The deep elf archer shoots an arrow.
The arrow completely misses you.
The deep elf archer shoots an arrow.
The arrow hits you.
You feel much better. The liquid fire burns you!
Fire: c) +7 hand cannon (freeze) {Yuphin}
Press: ? - help, Q - select action, (/) - cycle Shift-Dir - straight line, f - deep elf archer
Aim: a deep elf archer, wielding a +0 longbow and wearing a +0 leather armour (repelling missiles, 54% to hit)
You shoot a sling bullet.
The sling bullet hits the deep elf archer.
You drain the deep elf archer.
The deep elf archer is lightly wounded.
You shoot a slug.
The slug completely misses the deep elf archer.
The liquid fire burns you!
* * * LOW HITPOINT WARNING * * *
The deep elf zephyrmancer points at you and mumbles some strange words.
The bolt of lightning hits you!!
* * * LOW HITPOINT WARNING * * *
The deep elf archer shoots an arrow.
The arrow hits you!
* * * LOW HITPOINT WARNING * * *
The deep elf zephyrmancer casts a spell at you.
The bolt of lightning hits the fire elemental.
The fire elemental resists.
The bolt of lightning misses you.
You feel much better. The liquid fire burns you!
* * * LOW HITPOINT WARNING * * *
Blink to where?
Press: ? - help, Dir - move target, p - deep elf archer
As you read the scroll of blinking, it crumbles to dust.
The liquid fire burns you!
You die...

##.......## ....~~#
#.........# ....~≈#
#.........# ....~≈#
#.........+ ....~≈#
#.........# ....≈≈#
#.........# ....~≈#
###.......#+# ....~≈#
#.###.....###.#....~≈#
##.######'# #@....≈≈#
##.# #)# ##...~~≈# ##
###)### #...~≈## #
+#.))).###..~~## ##
##.......##..~≈# .#
##....)....##.~≈#
.#####.^.........#.≈≈#
.'...'...........#§~~##
###
.#####.....⌠.....+.E≈≈##
#≈≈≈


There were no monsters in sight!

Vanquished Creatures
  3 krakens
  Agnes (Spider:2)
  Donald (Shoals:2)
  An emperor scorpion (Spider:2)
  A broodmother (Spider:4)
  2 deep elf death magi
  A deep elf demonologist (Elf:3)
  2 spark wasps
  A deep elf annihilator (Elf:3)
  3 merfolk impalers (Shoals:4)
  A merfolk javelineer (Shoals:2)
  4 entropy weavers
  3 hydras
  3 vault guards (D:14)
  A rakshasa (D:12)
  A jorogumo (Spider:1)
  2 alligator snapping turtles (Shoals:4)
  12 merfolk aquamancers
  4 catoblepae
  2 centaur warriors (D:14)
  A radroach (Spider:1)
  6 death yaks
  7 two-headed ogres (Orc:2)
  3 boulder beetles
  20 dancing weapons
  A satyr (Shoals:4)
  3 demonic crawlers
  2 orc high priests
  11 deep elf knights
  2 deep trolls (Orc:2)
  2 skysharks
  4 pharaoh ants
  10 deep elf archers
  6 sea snakes
  7 orb spiders
  An arcanist (D:14)
  2 thermic dynamos (Elf:2)
  A steelbarb worm (Spider:1)
  23 deep elf zephyrmancers
  15 harpies
  19 deep elf pyromancers
  13 wolf spiders
  An oklob plant (Orc:2)
  7 fauns
  8 cyclopes
  6 ugly things
  An orc sorcerer (Orc:1)
  14 manticores
  Maurice (D:12)
  10 elephants
  2 moths of wrath (Spider:3)
  3 meliai (Spider:3)
  3 torpor snails (Spider:2)
  7 merfolk sirens
  3 rust devils (Lair:4)
  6 water nymphs
  A kobold blastminer (Orc:1)
  3 gargoyles
  2 ice statues (IceCv)
  6 cane toads
  A rime drake (Lair:1)
  A yaktaur (D:14)
  6 komodo dragons
  2 anaconda simulacra (IceCv)
  8 trolls
  25 merfolk
  8 jumping spiders
  3 hornets
  9 dream sheep
  12 tarantellas
  16 blink frogs
  2 wind drakes
  8 snapping turtles
  8 slime creatures
  2 shadows
  12 water elementals
  16 culicivoras
  34 yaks
  A wyvern (D:7)
  2 fire elementals
  4 wraiths
  A warg (Orc:2)
  31 redbacks
  A golden eye (shapeshifter) (D:13)
  3 basilisks
  3 acid dragons
  9 water moccasins
  A sky beast (D:7)
  Pargi (Sewer)
  3 black bears
  7 orc warriors
  5 ice beasts
  11 ogres
  13 wolves
  8 centaurs
  A phantom (D:5)
  2 brain worms (Sewer)
  A kobold brigand (D:9)
  8 bullfrogs
  3 earth elementals
  2 gnoll sergeants (D:6)
  2 scorpions
  2 wights (D:9)
  13 killer bees
  An elephant simulacrum (IceCv)
  5 howler monkeys
  2 electric eels
  A bombardier beetle (D:6)
  3 hounds
  7 jellies
  5 orc priests
  A gnoll bouda (D:3)
  2 sleepcaps (D:5)
  2 iguanas
  5 orc wizards
  A wolf simulacrum (IceCv)
  4 ogre zombies (D:12)
  17 gnolls
  10 adders
  5 river rats (D:4)
  4 white imps
  2 ufetubi (D:5)
  2 ribbon worms
  A dart slug (D:3)
  14 orcs
  4 ball pythons
  3 bats
  9 endoplasms
  6 giant cockroaches
  A gnoll zombie (D:12)
  9 goblins
  8 hobgoblins
  11 jackals (D:2)
  4 quokkas
  3 frilled lizards
  5 gnoll skeletons (D:12)
  12 kobolds
  An orc skeleton (D:12)
  12 orc zombies (D:12)
  8 rats
  4 tentacles
797 creatures vanquished.

Vanquished Creatures (collateral kills)
  A kraken (Shoals:1)
  Polyphemus (Shoals:2)
  Ilsuiw (Shoals:4)
  An emperor scorpion (Spider:4)
  2 ghost moths (Spider:4)
  A deep elf death mage (Elf:2)
  A deep elf annihilator (Elf:2)
  A spark wasp (Spider:4)
  A deep elf high priest (Elf:2)
  4 merfolk javelineers
  Josephine (Orc:2)
  3 merfolk impalers
  A hydra (Lair:5)
  A vault guard (D:14)
  2 ogre magi (Orc:2)
  4 two-headed ogres
  A catoblepas (Lair:5)
  2 merfolk aquamancers (Shoals:4)
  A merfolk avatar (Shoals:1)
  A centaur warrior (Shoals:2)
  7 dancing weapons (Elf:2)
  2 boulder beetles
  A death yak (Shoals:2)
  2 demonic crawlers
  2 orc high priests
  3 deep elf knights (Elf:2)
  A skyshark (Lair:4)
  2 pharaoh ants (Spider:3)
  A fire crab (Lair:5)
  3 sea snakes
  6 deep elf archers (Elf:2)
  A slime creature (D:8)
  An orb spider (Spider:1)
  2 orc knights
  3 steelbarb worms
  4 ugly things
  2 cyclopes
  7 harpies
  5 deep elf pyromancers
  8 wolf spiders
  2 fauns
  4 deep elf zephyrmancers (Elf:2)
  An orc sorcerer (D:14)
  A moth of wrath (Spider:4)
  6 manticores
  3 black mambas
  7 merfolk sirens
  A torpor snail (Spider:1)
  5 cane toads
  15 elephants
  2 water nymphs
  An ice statue (IceCv)
  An unseen horror (D:11)
  2 komodo dragons
  A kobold demonologist (D:13)
  2 rime drakes (Lair:1)
  A tengu conjurer (D:13)
  Psyche (D:9)
  An anaconda simulacrum (IceCv)
  7 merfolk
  6 trolls
  A polar bear (Lair:4)
  10 jumping spiders
  4 hornets (Spider:4)
  7 dream sheep
  6 tarantellas
  13 blink frogs
  3 wind drakes
  3 snapping turtles
  5 culicivoras
  13 water elementals
  A shadow (D:12)
  2 wraiths
  15 yaks
  2 wyverns (Lair:5)
  A human (D:14)
  2 basilisks
  7 redbacks
  A death yak simulacrum (IceCv)
  An acid dragon (D:10)
  5 water moccasins
  4 orc warriors
  8 ogres (Orc:2)
  9 wolves
  4 bullfrogs
  An earth elemental (Elf:2)
  3 wights (D:9)
  2 troll zombies (D:12)
  4 killer bees
  An electric eel (D:8)
  A howler monkey (D:8)
  A jelly (Lair:4)
  2 orc priests (D:12)
  2 orc wizards
  A wolf simulacrum (IceCv)
  2 ogre zombies (D:12)
  A gnoll (D:8)
  An orc (D:8)
  2 gnoll zombies (D:12)
  A gnoll skeleton (D:12)
  3 orc zombies (D:12)
  4 butterflies (Lair:1)
323 creatures vanquished.

Vanquished Creatures (others)
  3 orc apostles
  A deep elf archer (Elf:2)
  A deep elf zephyrmancer (Elf:3)
  A yaktaur (D:14)
  14 orc warriors
  An ogre (D:13)
  3 orc priests (Elf:1)
  7 orcs
  13 tentacles
44 creatures vanquished.

Grand Total: 1164 creatures vanquished

Notes
Turn   | Place    | Note
-------+----------+-------------------------------------------
     0 | D:1      | holysushi the Coglin Hunter began the quest for the Orb.
     0 | D:1      | Reached XP level 1. HP: 16/16 MP: 1/1
   161 | D:1      | Reached skill level 4 in Ranged Weapons
   161 | D:1      | Reached XP level 2. HP: 22/22 MP: 2/2
   185 | D:1      | Found Ekequyx's Antique Armour Emporium.
   521 | D:2      | Reached XP level 3. HP: 27/27 MP: 3/3
   622 | D:2      | Reached skill level 5 in Ranged Weapons
   622 | D:2      | Reached XP level 4. HP: 33/33 MP: 4/4
  1362 | D:1      | Bought a slimy leather armour for 133 gold pieces
  1362 | D:1      | Identified the +4 leather armour of Experimentation {-Tele
                  | Rampage rCorr Dex-4} (You bought it in a shop on level 1 of
                  | the Dungeon)
  1446 | D:3      | Reached XP level 5. HP: 38/38 MP: 5/5
  1492 | D:3      | Became a worshipper of Beogh the Shepherd
  1495 | D:3      | Reached skill level 6 in Ranged Weapons
  1596 | D:3      | Reached XP level 6. HP: 44/44 MP: 6/6
  1902 | D:3      | Found an opulent altar of Gozag.
  1928 | D:3      | Found a burning altar of Makhleb.
  2073 | D:3      | Found a hazy altar of Hepliaklqana.
  2412 | D:4      | Found a snail-covered altar of Cheibriados.
  2424 | D:4      | Reached * piety under Beogh
  2460 | D:4      | Found a glowing drain.
  2465 | Sewer    | Entered a sewer
  2465 | Sewer    | Noticed Pargi
  2479 | Sewer    | Killed Pargi
  2480 | Sewer    | Reached skill level 7 in Ranged Weapons
  2627 | Sewer    | Reached XP level 7. HP: 46/50 MP: 5/7
  2934 | D:4      | Reached skill level 8 in Ranged Weapons
  3169 | D:4      | Found a runed translucent door.
  3170 | D:4      | Noticed Crazy Yiuf
  3580 | D:1      | Bought a runed cloak for 142 gold pieces
  3757 | D:3      | Identified a scroll of acquirement
  3757 | D:3      | Acquired a +2 hand cannon of freezing
  3903 | D:5      | Entered Level 5 of the Dungeon
  4273 | D:5      | Reached ** piety under Beogh
  4353 | D:5      | Reached skill level 9 in Ranged Weapons
  4353 | D:5      | Reached XP level 8. HP: 56/56 MP: 8/8
  4488 | D:5      | Found a staircase to the Ecumenical Temple.
  4971 | D:5      | Found a blossoming altar of Fedhas.
  5173 | D:6      | Reached skill level 10 in Ranged Weapons
  5679 | D:6      | Reached XP level 9. HP: 61/61 MP: 9/9
  6143 | D:6      | Reached skill level 11 in Ranged Weapons
  6832 | D:7      | Reached *** piety under Beogh
  6868 | D:7      | Identified the +4 halberd "Timoxi" {flame, rPois rF++ rN+
                  | Stlth-}
  6868 | D:7      | Noticed Borgoth
  6880 | D:7      | Anointed Borgoth the priest as your apostle
  7077 | D:7      | Found a shadowy altar of Dithmenos.
  7229 | D:8      | Reached skill level 5 in Fighting
  7288 | D:8      | Found Baopuerubb's General Store.
  7377 | D:8      | Reached XP level 10. HP: 64/75 MP: 10/10
  7401 | D:8      | Reached skill level 12 in Ranged Weapons
  7532 | D:8      | Found a staircase to the Lair.
  8369 | D:9      | Noticed Psyche
  8373 | D:9      | Killed Psyche
  8374 | D:9      | Reached skill level 13 in Ranged Weapons
  8374 | D:9      | Reached skill level 1 in Evocations
  8377 | D:9      | Reached skill level 1 in Invocations
  8379 | D:9      | Reached **** piety under Beogh
  8402 | D:9      | Noticed Thorok
  8430 | D:9      | Anointed Thorok the warrior as your apostle
  8718 | D:9      | Noticed a two-headed ogre
  8721 | D:9      | Found a runed translucent gate.
  8721 | D:9      | Found a runed translucent gate.
  8721 | D:9      | Noticed Arkalis's ghost (novice MiGl)
  8729 | D:9      | Killed a two-headed ogre
  8733 | D:9      | Found a runed translucent gate.
  8733 | D:9      | Noticed an 11-headed hydra
  8734 | D:9      | Noticed an 11-headed hydra
  9011 | D:9      | Reached XP level 11. HP: 84/84 MP: 12/12
  9432 | D:10     | Entered Level 10 of the Dungeon
  9851 | D:10     | Found a runed translucent door.
  9855 | D:10     | Found a shimmering altar of Xom.
  9855 | D:10     | Noticed zenocrate's ghost (novice FeSh)
  9999 | D:10     | Noticed a two-headed ogre
 10003 | D:10     | Killed a two-headed ogre
 10040 | D:10     | Noticed a +2 mace of chaos
 10053 | D:10     | Identified the +2 chain mail "Faobukh" {rCorr Stlth+}
 10071 | D:10     | Found the +9 sword of Zonguldrok {reap}
 10084 | D:10     | Noticed a seven-headed hydra
 10085 | D:10     | Noticed a five-headed hydra
 10089 | D:10     | Noticed a manticore
 10265 | D:10     | Learned a level 1 spell: Apportation
 10268 | D:10     | Learned a level 2 spell: Blink
 10343 | D:10     | Found Reho's Armour Boutique.
 10352 | D:10     | Bought a +1 pair of gloves of strength for 214 gold pieces
 10563 | Lair:1   | Entered Level 1 of the Lair of Beasts
 10563 | Lair:1   | Found a frozen archway.
 10569 | Lair:1   | Reached skill level 14 in Ranged Weapons
 10612 | IceCv    | Entered an ice cave
 11157 | IceCv    | Noticed a white ugly thing
 11169 | IceCv    | Killed a white ugly thing
 11399 | IceCv    | Noticed a white ugly thing
 11403 | IceCv    | Killed a white ugly thing
 11613 | Lair:1   | Reached skill level 10 in Fighting
 11613 | Lair:1   | Reached XP level 12. HP: 76/97 MP: 13/13
 11716 | Lair:1   | Reached skill level 15 in Ranged Weapons
 11785 | Lair:1   | Anointed Learuk the warrior as your apostle
 12141 | Lair:2   | Reached ***** piety under Beogh
 12142 | Lair:2   | Reached skill level 5 in Dodging
 12153 | Lair:2   | Found a runed translucent door.
 12153 | Lair:2   | Found a shimmering altar of Xom.
 12153 | Lair:2   | Noticed Drazool's ghost (adept DrFE)
 12162 | Lair:2   | Noticed a five-headed hydra
 12167 | Lair:2   | Killed a five-headed hydra
 12196 | Lair:2   | Noticed a catoblepas
 12202 | Lair:2   | Killed a catoblepas
 12425 | Lair:2   | Found an opulent altar of Gozag.
 12890 | Lair:2   | Reached skill level 16 in Ranged Weapons
 13579 | Lair:3   | Reached XP level 13. HP: 103/103 MP: 14/14
 13636 | Lair:3   | Found a staircase to the Shoals.
 13644 | Lair:3   | Reached skill level 17 in Ranged Weapons
 14269 | Lair:3   | Found a hole to the Spider Nest.
 14499 | Lair:4   | Found a staircase to the Slime Pits.
 14511 | Lair:4   | Found a viscous altar of Jiyva.
 14524 | Lair:4   | Reached skill level 18 in Ranged Weapons
 14818 | Lair:4   | Noticed Gorg
 14832 | Lair:4   | Anointed Gorg the wizard as your apostle
 14930 | Lair:4   | Reached ****** piety under Beogh
 15185 | Lair:5   | Entered Level 5 of the Lair of Beasts
 15205 | Lair:5   | Reached XP level 14. HP: 43/113 MP: 15/15
 15263 | Lair:5   | Acquired a secondary geodynamo {Gadgeteer, Will+ Slay+3}
 16033 | Lair:5   | Identified the +11 executioner's axe of Waiffipe {heavy,
                  | rF+}
 17035 | D:11     | Noticed Urug
 17035 | D:11     | Pacified Urug
 17489 | D:12     | Reached skill level 10 in Dodging
 17490 | D:12     | Noticed Maurice
 17497 | D:12     | Killed Maurice
 17553 | D:12     | Found a staircase to the Orcish Mines.
 17827 | D:12     | Acquired the scarf of Anwemaxu {harm, Slay+2}
 18254 | Orc:1    | Entered Level 1 of the Orcish Mines
 18274 | Orc:2    | Entered Level 2 of the Orcish Mines
 18457 | Orc:2    | Noticed Boghold
 18475 | Orc:2    | Anointed Boghold the priest as your apostle
 18552 | Orc:2    | Found Alaaqirch's Antique Armour Shoppe.
 18560 | Orc:2    | Reached XP level 15. HP: 124/125 MP: 16/16
 18589 | Orc:2    | Your ally Boghold died
 18606 | Orc:2    | Found Megocej's Antique Weapon Shop.
 18609 | Orc:2    | Found Wodwoiq's Armour Emporium.
 18619 | Orc:2    | Found Zoaschor's Book Shoppe.
 18652 | Orc:2    | Bought a book of Dreams for 288 gold pieces
 18667 | Orc:2    | Bought a slimy chain mail for 218 gold pieces
 18667 | Orc:2    | Identified the +2 chain mail of Theory {Stlth+} (You bought
                  | it in a shop on level 2 of the Orcish Mines)
 18667 | Orc:2    | Bought an ancient ring mail for 207 gold pieces
 18667 | Orc:2    | Identified the +0 ring mail of Defiance {rElec rC- Int+3}
                  | (You bought it in a shop on level 2 of the Orcish Mines)
 18731 | Orc:2    | Found a staircase to the Elven Halls.
 19007 | Orc:2    | Learned a level 3 spell: Fugue of the Fallen
 19030 | Orc:1    | Noticed Josephine
 19043 | Orc:2    | Killed Josephine
 19056 | Orc:1    | Found a roughly hewn altar of Beogh.
 19083 | Orc:1    | Reached skill level 1 in Spellcasting
 20107 | D:13     | Found a roughly hewn altar of Beogh.
 20200 | D:14     | Noticed Roxanne
 20482 | D:14     | Found Segaq's Weapon Boutique.
 20528 | D:14     | Found a transporter.
 20539 | D:14     | Reached skill level 1 in Necromancy
 20636 | D:14     | Found a sacrificial altar of Ru.
 20901 | D:14     | Found a gate to the Vaults.
 20909 | D:14     | Reached skill level 15 in Fighting
 20957 | D:14     | Found a transporter.
 20961 | D:14     | Noticed Myasimauvo's ghost (journeyman DEHW)
 21379 | Shoals:1 | Entered Level 1 of the Shoals
 21526 | Shoals:1 | Reached XP level 16. HP: 136/136 MP: 21/21
 21533 | Shoals:1 | Reached skill level 19 in Ranged Weapons
 21773 | Shoals:1 | Noticed a kraken
 21781 | Shoals:1 | Your ally Boghold died
 21782 | Shoals:1 | Killed a kraken
 21847 | Shoals:1 | Identified the +7 dagger of Tumult {drain, rPois rC+ Str+3
                  | Dex+3}
 21861 | Shoals:1 | Anointed Warrok the wizard as your apostle
 22177 | Shoals:2 | Found Vumoamyd's Distillery.
 22203 | Shoals:2 | Reached skill level 5 in Spellcasting
 22203 | Shoals:2 | Reached skill level 5 in Necromancy
 22410 | Shoals:2 | Bought a potion of heal wounds for 80 gold pieces
 22410 | Shoals:2 | Bought a potion of heal wounds for 80 gold pieces
 22410 | Shoals:2 | Bought a potion of curing for 48 gold pieces
 22514 | Shoals:2 | Reached skill level 5 in Evocations
 22601 | Shoals:2 | Reached skill level 1 in Translocations
 23159 | Shoals:2 | Noticed Donald
 23173 | Shoals:2 | Killed Donald
 23204 | Shoals:2 | Noticed Polyphemus
 23224 | Shoals:2 | Killed Polyphemus
 23225 | Shoals:2 | Reached skill level 5 in Translocations
 24341 | Shoals:3 | Noticed a kraken
 24356 | Shoals:3 | Killed a kraken
 24625 | Shoals:3 | Identified the +1 long sword "Rociuck" {freeze, Fly rN+
                  | rCorr Str+4}
 25017 | Shoals:3 | Noticed a kraken
 25025 | Shoals:3 | Killed a kraken
 25135 | Shoals:3 | Reached skill level 10 in Evocations
 25218 | Shoals:3 | Found a transporter.
 25233 | Shoals:3 | Reached XP level 17. HP: 142/142 MP: 24/24
 25237 | Shoals:3 | Found a transporter.
 25329 | Shoals:3 | Noticed Hiac's ghost (adept DEEE)
 25492 | Shoals:3 | Your ally Learuk died
 25761 | Shoals:4 | Entered Level 4 of the Shoals
 26480 | Shoals:4 | Noticed Ilsuiw
 26773 | Shoals:4 | Killed Ilsuiw
 26866 | Shoals:4 | Identified the ring "Ziutriu" {Str+2 SInv}
 26963 | Shoals:4 | Found Kuohiema's Armour Shop.
 27107 | Shoals:4 | Noticed a kraken
 27124 | Shoals:4 | Killed a kraken
 27185 | Shoals:4 | Got a barnacled rune of Zot
 27488 | Shoals:4 | Identified the staff "Venlyih" {rN+ rCorr Str+3 Necro}
 27576 | Shoals:2 | Anointed Bogbarth the warrior as your apostle
 27760 | Spider:1 | Entered Level 1 of the Spider Nest
 28110 | Spider:1 | Reached skill level 15 in Evocations
 28259 | Spider:1 | Reached XP level 18. HP: 137/149 MP: 28/28
 28502 | Spider:2 | Noticed Agnes
 28505 | Spider:2 | Killed Agnes
 30344 | Spider:3 | Identified the +11 trident "Erexest" {flame, Str+6}
 30358 | Spider:3 | Anointed Herok the priest as your apostle
 31365 | Spider:4 | Entered Level 4 of the Spider Nest
 32602 | Spider:4 | Got a gossamer rune of Zot
 33131 | Elf:1    | Entered Level 1 of the Elven Halls
 33251 | Elf:1    | Reached skill level 20 in Ranged Weapons
 33520 | Elf:1    | Reached XP level 19. HP: 139/159 MP: 29/29
 33623 | Elf:1    | Found a roughly hewn altar of Beogh.
 34182 | Elf:2    | Found a runed translucent gate.
 34183 | Elf:2    | Found a runed translucent gate.
 34183 | Elf:2    | Found a runed translucent gate.
 34479 | Elf:2    | Found Tael's Jewellery Boutique.
 34481 | Elf:2    | Found Tynoif's Book Shoppe.
 34482 | Elf:2    | Found Lucehaut's Jewellery Boutique.
 36509 | Elf:2    | Identified the +2 great sword "Qaisch" {venom, *Slow Dex+5}
 36520 | Elf:2    | Anointed Gorg the warrior as your apostle
 37474 | Elf:3    | Entered Level 3 of the Elven Halls
 37480 | Elf:3    | Noticed a Brimstone Fiend
 37528 | Elf:3    | Noticed an Ice Fiend
 37649 | Elf:3    | Noticed a Tzitzimitl
 37651 | Elf:3    | Noticed a Hell Sentinel
 38796 | Elf:3    | HP: 3/163 [deep elf archer/arrow (14)]
 38798 | Elf:3    | Incinerated by a deep elf pyromancer

Illustrated notes

Levels and vault maps discovered:
D:1:      scummos_arrival_simple_fountains, layout_rooms, serial_shops,
          nicolae_shop_overgrown_old_shop, corner_web_ring,
          roderic_roman_lattice
D:2:      minmay_inner_zag, layout_basic, minmay_pentomino_t2
D:3:      layout_loops_ring, mainiacjoe_overflow_two_lobes,
          mainiacjoe_overflow_surrounded_room, nicolae_grassy_gnolls
D:4:      layout_loops_ring, kennysheep_mini, lightli_sewer_entry_pipes,
          reono_crystal_passage, uniq_crazy_yiuf_cottage
D:5:      layout_basic, lemuel_coloured_pillars_altar,
          minmay_temple_entry_offerings
D:6:      hellmonk_crumbling_castle, layout_loops_cross
D:7:      layout_cave_pools, hangedman_abyss_or_decor_stagger,
          minmay_ruined_shrine
D:8:      layout_loops_cross, lair_entry_dummy, serial_shops,
          nicolae_shop_waterfront, st_stairs_4, serial_bayou_lake_a
D:9:      layout_loops_corners, gammafunk_ghost_hydra_chop, uniq_psyche
D:10:     layout_cave_pools, ebering_ghost_xom, serial_shops,
          nicolae_lakefront_shop, onia_ninara_dug_in_and_dangerous
D:11:     layout_loops_ring, uniq_urug
D:12:     layout_long_grid, zombieorc2_lemuel, uniq_maurice
D:13:     layout_roguey [special_room_orc]
D:14:     layout_long_grid, grunt_vaults_entry_fortified, nzn_ghost_randoct,
          nicolae_ru_awakened_eye, serial_shops, shop, uniq_roxanne
Lair:1:   layout_roguey, portal_ice_cave_rime, chequers_serial_rivers_micro_e,
          st_stairs_11, lemuel_fruit_fields, lemuel_fruit_fields
Lair:2:   layout_layer_cave, ebering_ghost_xom, basic_altar, lemuel_fruit_tree
Lair:3:   layout_loops_ring, minmay_shoals_entry_hut,
          hellmonk_spider_entry_life_and_decay, hangedman_lair_unloving_vines,
          grunt_megastairs_2
Lair:4:   layout_roguey, nicolae_slime_entry_field_trip,
          dreamdust_mushroom_princess
Lair:5:   evilmike_catoblepas_cave, layout_cave_pods
Shoals:1: layout_shoals
Shoals:2: layout_shoals, serial_shops, nicolae_stop_n_shop_1, uniq_donald,
          uniq_polyphemus
Shoals:3: layout_shoals, gammafunk_ghost_berserking_beasts
Shoals:4: shoals_end_hangedman, layout_shoals, shoals_ilsuiw_ice, serial_shops,
          nicolae_square_shop
Spider:1: layout_spider_delve, hangedman_spider_tarantella_strand
Spider:2: layout_chambers, uniq_agnes
Spider:3: layout_chambers
Spider:4: spider_rune_water
Orc:1:    layout_diamond_mine, basic_altar, uniq_josephine
Orc:2:    st_orc_open, layout_diamond_mine, mines3_lemuel
Elf:1:    nicolae_elf_arrival_fired_up, layout_geoelf_octagon, special_room
          [special_room_orc], nicolae_elf_crossing_hall
Elf:2:    nicolae_elf_blades_crystal_corner, layout_onion_city,
          nicolae_elf_stone_circles, minmay_shop_grove
Elf:3:    grunt_elf_hall_asides, layout_geoelf_castle

Skill      XL: |  1  2  3  4  5  6  7  8  9 10 11 12 13 14 15 16 17 18 19 |
---------------+----------------------------------------------------------+-----
Ranged Weapons | 4 5 6 7 9 10 11 13 14 16 18 19 20 | 20.7
Dodging        | 3 6 7 10 11 12 | 12.7
Fighting       | 5 7 10 11 13 15 16 17 | 17.8
Evocations     | 2 10 15 | 15.0
Invocations    | 2 |  2.0
Spellcasting   | 3 5 7 |  7.0
Necromancy     | 3 6 7 |  7.0
Translocations | 6 |  6.0
Stealth        | |  0.7

Action                     |  1- 3 |  4- 6 |  7- 9 | 10-12 | 13-15 | 16-18 | 19-21 || total
---------------------------+-------+-------+-------+-------+-------+-------+-------++-------
   Fire: Sling             |   106 |   364 |   232 |   280 |   594 |   715 |   254 ||  2545
         Hand cannon       |       |       |   180 |   280 |   594 |   715 |   254 ||  2023
   Cast: Fugue of the Fall |       |       |       |       |     1 |     1 |     3 ||     5
 Invoke: Convert to Beogh  |       |     1 |       |       |       |       |       ||     1
         Recruit Apostle   |       |       |     1 |     2 |     2 |     3 |     1 ||     9
         Recall Apostles   |       |       |       |     2 |     9 |    27 |    15 ||    53
         Dismiss Apostle   |       |       |       |       |     3 |     3 |     1 ||     7
Ability: Invent Gizmo      |       |       |       |       |     1 |       |       ||     1
  Evoke: Wand              |       |       |       |     1 |       |    11 |       ||    12
         Phial of floods   |       |       |       |       |     1 |       |       ||     1
         Box of beasts     |       |       |       |       |       |     1 |       ||     1
    Use: Potion            |       |     2 |     4 |     1 |     1 |     4 |     2 ||    14
         Scroll            |       |     6 |     9 |     9 |     6 |     4 |     5 ||    39
 Armour: Leather armour    |     9 |    49 |    23 |       |       |       |       ||    81
         Troll leather arm |       |       |    23 |    41 |   121 |   150 |    56 ||   391
         Robe              |       |       |       |     4 |       |       |       ||     4
  Dodge: Dodged            |    12 |    59 |    25 |    76 |   124 |   176 |    54 ||   526

Table legend: (Time is in decaauts)
 A = Elapsed time spent in this place.
 B = Non-inter-level travel time spent in this place.
 C = Inter-level travel time spent in this place.
 D = Time resting spent in this place.
 E = Time spent auto-exploring this place.
 F = Levels seen in this place.
 G = Mean time per level.
                   A        B        C        D        E       F      G
               +--------+--------+--------+--------+--------+-----+--------+
         Total |  38762 |  36232 |   2530 |   8879 |  17366 |  34 | 1140.1 |
       Dungeon |  13920 |  12496 |   1424 |   1803 |   8283 |  14 |  994.3 |
          Lair |   5542 |   5079 |    463 |    480 |   3173 |   5 | 1108.4 |
        Shoals |   6241 |   6095 |    146 |   1583 |   1444 |   4 | 1560.2 |
   Spider Nest |   4980 |   4724 |    256 |   1236 |   2523 |   4 | 1245.0 |
  Orcish Mines |   1342 |   1180 |    162 |     53 |    758 |   2 |  671.0 |
   Elven Halls |   5641 |   5564 |     77 |   3052 |   1021 |   3 | 1880.3 |
         Sewer |    256 |    256 |      0 |     16 |    164 |   1 |  256.0 |
      Ice Cave |    837 |    837 |      0 |    654 |      0 |   1 |  837.0 |
               +--------+--------+--------+--------+--------+-----+--------+

Top non-repeatable levels by time:
   Elf:2: 3990 daAuts
Shoals:3: 2255 daAuts
Shoals:4: 1760 daAuts
Spider:3: 1585 daAuts
     D:9: 1526 daAuts
     D:6: 1455 daAuts
Shoals:2: 1419 daAuts
Spider:2: 1380 daAuts
  Lair:5: 1342 daAuts
  Lair:2: 1341 daAuts
Spider:4: 1295 daAuts
  Lair:3: 1204 daAuts
     D:4: 1184 daAuts
     D:3: 1117 daAuts
    D:10: 1105 daAuts
